 Dungeon Crawl Stone Soup version 0.31-a0-233-g139696dc86 (webtiles) character file.

Game seed: 4494556014462498862

35887 pokeman the Eclecticist (level 13, 0/72 HPs)
             Began as a Deep Elf Hedge Wizard on July 8, 2023.
             Was a High Priest of Vehumet.
             Slain by a guardian serpent (shapeshifter) (15 damage)
             ... on level 13 of the Dungeon on July 9, 2023.
             The game lasted 01:05:22 (18238 turns).

pokeman the Eclecticist (Deep Elf Hedge Wizard)    Turns: 18238, Time: 01:05:23

Health: 0/72       AC: 12    Str:  7    XL:     13   Next: 50%
Magic:  13/38      EV: 11    Int: 25    God:    Vehumet [*****.]
Gold:   615        SH:  0    Dex: 14    Spells: 5/50 levels left

rFire   + . .        i - +3 spear of the Median {venom, rN+}
rCold   . . .        (no shield)
rNeg    + . .        N - +0 acid dragon scales
rPois   .            b - +0 helmet
rElec   .            j - +0 cloak
rCorr   +            (no gloves)
SInv    .            a - +1 pair of boots {Stlth+}
Will    +....        D - amulet of regeneration
Stlth   +++          g - ring of protection from fire
HPRegen 1.12/turn    C - ring of wizardry
MPRegen 0.26/turn

%: wizardry (x1)
@: marked
A: no striking features
a: Renounce Religion


You were on level 13 of the Dungeon.
You worshipped Vehumet.
Vehumet was extremely pleased with you.
You visited 2 branches of the dungeon, and saw 15 of its levels.
You also visited: Sewer.

You collected 615 gold pieces.

Inventory:

Hand Weapons
 i - the +3 spear of the Median (weapon) {venom, rN+}
   (You found it on level 2 of the Dungeon)

   rN:        It protects you from negative energy.
Missiles
 n - a throwing net
 L - 2 curare-tipped darts
Armour
 a - a +1 pair of boots of stealth (worn)
 b - a +0 helmet (worn)
 j - a +0 cloak (worn)
 N - +0 acid dragon scales (worn)
 P - the +0 leather armour of the Gloaming {rC+ Int+3 Stlth+}
   (You found it on level 9 of the Dungeon)

   Int:       It affects your intelligence (+3).
   rC:        It protects you from cold.
   Stlth:     It makes you more stealthy.
 S - a +0 buckler
Magical Staves
 W - a staff of cold
Jewellery
 g - a ring of protection from fire (left hand)
 u - a ring of see invisible
 C - a ring of wizardry (right hand)
 D - an amulet of regeneration (around neck)
Wands
 c - a wand of paralysis (6)
 I - a wand of light (1)
 X - a wand of digging (7)
Scrolls
 h - a scroll of identify
 q - a scroll of revelation
 s - 2 scrolls of immolation
 w - 3 scrolls of fog {unknown}
 x - 2 scrolls of fear {unknown}
 y - a scroll of brand weapon {unknown}
 G - a scroll of amnesia {unknown}
 H - a scroll of noise {unknown}
 K - 2 scrolls of enchant armour {unknown}
 M - 2 scrolls of teleportation {unknown}
 O - a scroll of acquirement {unknown}
 V - a scroll of summoning {unknown}
Potions
 d - 2 potions of magic
 e - 10 potions of curing
 z - 3 potions of ambrosia
 A - 2 potions of haste
 B - 4 potions of resistance
 E - a potion of lignification {unknown}
 F - 2 potions of might {unknown}
Miscellaneous
 f - a tin of tremorstones (2/2)
 R - a phial of floods
 Y - a box of beasts


   Skills:
 + Level 4.4 Fighting
 - Level 5.0 Armour
 - Level 3.0 Dodging
 - Level 3.1 Stealth
 - Level 5.0 Shields
 * Level 19.0 Spellcasting
 + Level 11.4 Conjurations
 - Level 1.1 Hexes
 - Level 1.1 Summonings
 - Level 1.0 Necromancy
 - Level 1.1 Translocations
 + Level 6.0 Fire Magic
 - Level 1.0 Ice Magic
 - Level 8.3 Air Magic
 + Level 4.1 Earth Magic
 - Level 1.1 Poison Magic
 - Level 1.0 Evocations


You had 5 spell levels left.
You knew the following spells:

 Your Spells              Type           Power      Damage    Failure   Level
a - Magic Dart            Conj           100%       1d8       1%          1
b - Mephitic Cloud        Conj/Pois/Air  56%        N/A       1%          3
c - Call Imp              Summ           58%        N/A       1%          2
d - Blink                 Tloc           58%        N/A       1%          2
e - Iskenderun's Mystic   Conj/Tloc      53%        2d11      1%          4
f - Fireball              Conj/Fire      30%        3d13      1%          5
g - Leda's Unmaking       Conj/Erth      29%        9d5       2%          6
h - Orb of Destruction    Conj           34%        9d10      3%          7
i - Sticky Flame          Conj/Fire      61%        2d8       1%          4
j - Dazzling Flash        Conj/Hex       100%       N/A       1%          3
k - Hailstorm             Conj/Ice       53%        3d12      1%          3
l - Iskenderun's Battles  Conj           69%        2d12      1%          5

Your spell library contained the following spells:

 Spells                   Type           Power      Damage    Failure   Level
 Eringya's Noxious Bog    Tmut/Pois      13%        4d6       36%         6
 Freeze                   Ice            100%       1d10      1%          1
 Necrotise                Necr           100%       1d9       1%          1
 Sandblast                Erth           88%        2d18      1%          1
 Slow                     Hex            100%       N/A       1%          1
 Cigotuvi's Dreadful Rot  Necr/Pois/Air  82%        N/A       1%          2
 Momentum Strike          Conj/Tloc      100%       3d10      1%          2
 Scorch                   Fire           100%       2d9       1%          2
 Sublimation of Blood     Necr           29%        N/A       1%          2
 Frozen Ramparts          Ice            56%        1d9       1%          3
 Stone Arrow              Conj/Erth      100%       3d13      1%          3
 Vhi's Electric Charge    Tloc/Air       94%        N/A       1%          3
 Irradiate                Conj/Tmut      25%        3d20      1%          5
 Gell's Gravitas          Tloc           29%        N/A       2%          3
 Teleport Other           Tloc           29%        N/A       2%          3
 Vampiric Draining        Necr           29%        2d8       2%          3
 Animate Armour           Summ/Erth      74%        N/A       4%          4
 Silence                  Hex/Air        23%        N/A       5%          5
 Petrify                  Tmut/Erth      34%        N/A       6%          4
 Agony                    Necr           29%        N/A       24%         5
 Conjure Ball Lightning   Conj/Air       32%        3x3d10    1%          6
 Dispersal                Tloc           14%        N/A       75%         6
 Summon Cactus Giant      Summ           14%        N/A       75%         6
 Ignition                 Fire           26%        3d9       80%         8
 Shatter                  Erth           22%        3d19*     100%        9


Dungeon Overview and Level Annotations

Branches:
Dungeon (14/15)            Temple (1/1) D:5            Lair (0/5) D:8
    Orc (0/2) D:12         Vaults (0/5) D:13          Sewer (visited)

Altars:
Ashenzari
Cheibriados
Dithmenos
Elyvilon
Fedhas
Gozag
Hepliaklqana
Kikubaaqudgha
Makhleb
Nemelex Xobeh
Okawaru
Qazlal
Ru
Sif Muna
Trog
Uskayaw
Vehumet
Wu Jian
Xom
Yredelemnul
Zin
The Shining One

Annotations:
D:5 3 runed translucent doors, gelatine's ghost, novice DsFE
D:8 Vampire, exclusion: vampire
D:11 Nergalle


Message History

Two slime creatures merge to form a large slime creature.
There is a stone staircase leading up here.
Unknown command.
The guardian serpent barely misses you. The guardian serpent misses you.
You climb upwards.
There is a stone staircase leading down here.
Unknown command.
Unknown command.
Casting: Blink (safe; 1% risk of failure)
Confirm with . or Enter, or press ? or * to list all spells.
You blink.
Unknown command.
Casting: Blink (safe; 1% risk of failure)
Confirm with . or Enter, or press ? or * to list all spells.
Aiming: Fireball (dangerous; 1% risk of failure)
Press: ? - help, Shift-Dir - straight line The fireball explodes!
The fireball engulfs the guardian serpent!!
The guardian serpent is severely wounded.
The fireball engulfs the large slime creature!!
The large slime creature is moderately wounded.
The guardian serpent hits you but does no damage.
The guardian serpent hits you.
Unknown command.
Casting: Fireball (dangerous; 1% risk of failure)
Confirm with . or Enter, or press ? or * to list all spells.
You are still too unstable to blink.
Unknown command.
Casting: Blink (safe; 1% risk of failure)
Confirm with . or Enter, or press ? or * to list all spells.
Aiming: Fireball (dangerous; 1% risk of failure)
Press: ? - help, Shift-Dir - straight line The fireball explodes!
The fireball engulfs the guardian serpent!
The guardian serpent is almost dead.
You feel stable enough to blink again. The large slime creature hits you!!
* * * LOW HITPOINT WARNING * * *
The guardian serpent hits you!
You die...

.#<##^.## ##.## #.##.~~≈≈
.......# #.# #.#...≈~~ ......##
#.# #...⌠.~~. .###### ##'##
###....... .# ##...## #........#
.#### ##.....## ##.#.###.##
.##.## ##.......## ##..#.###.##
.#...####.....§SJ.####.........##
........'.......@.'[.............
.#...####.........####...#.##..##
.##.## ##..)...<## ##........#
.#### ##.....## #.##.##.## .#
##...## #.##.##.# .# ##'##
#.##.##.# .# #.# #.......# .###
#.###### ####.###### ...#
##.##...# #.# #.


You could see a large slime creature and a guardian serpent shaped shifter.

Vanquished Creatures
  A tengu reaver (D:12)
  A deep elf sorcerer (D:12)
  4 vault guards (D:13)
  A hydra (D:13)
  An ogre mage (D:12)
  Erica (D:9)
  6 centaur warriors
  2 catoblepae (D:13)
  A boulder beetle (D:11)
  4 two-headed ogres (D:9)
  A wizard (D:12)
  A deep elf zephyrmancer (D:12)
  4 deep elf pyromancers (D:12)
  An orc knight (D:11)
  An orc sorcerer (D:12)
  A manticore (D:13)
  6 ugly things
  2 cyclopes
  A gargoyle (D:10)
  A black mamba (shapeshifter) (D:9)
  An unseen horror (D:11)
  7 kobold demonologists
  4 tengu conjurers
  A komodo dragon (D:11)
  A troll (shapeshifter) (D:11)
  3 trolls
  A hornet (D:9)
  A raiju (shapeshifter) (D:14)
  A slime creature (D:13)
  A centaur simulacrum (D:11)
  2 shadows (D:11)
  A vampire (D:13)
  6 wraiths
  2 wyverns (D:9)
  5 yaks
  2 steam dragons
  5 vampire mosquitoes
  2 wargs (D:8)
  4 acid dragons
  A swamp drake (D:12)
  2 water moccasins
  8 orc warriors
  2 ice beasts (D:6)
  3 ogres
  7 centaurs
  A phantom (D:5)
  4 kobold brigands
  5 bullfrogs
  5 gnoll sergeants
  5 scorpions
  12 wights
  22 killer bees
  6 howler monkeys
  4 hounds
  3 jellies
  10 orc priests
  3 iguanas
  2 sleepcaps
  6 orc wizards
  Robin (D:3)
  19 gnolls
  7 adders
  2 shadow imps
  A white imp (D:6)
  2 worms
  3 dart slugs
  28 orcs
  4 endoplasms
  4 giant cockroaches (D:6)
  6 goblins
  15 hobgoblins
  7 jackals
  5 quokkas
  3 ball pythons
  6 bats
  2 frilled lizards
  22 kobolds
  3 rats
342 creatures vanquished.

Vanquished Creatures (collateral kills)
  2 wights
  An orc priest (D:12)
  3 orcs
6 creatures vanquished.

Vanquished Creatures (others)
  A kobold demonologist (D:12)
  A killer bee (D:5)
  An adder (D:5)
3 creatures vanquished.

Grand Total: 351 creatures vanquished

Notes
Turn   | Place    | Note
-------+----------+-------------------------------------------
     0 | D:1      | pokeman the Deep Elf Hedge Wizard began the quest for the
                  | Orb.
     0 | D:1      | Reached XP level 1. HP: 10/10 MP: 7/7
   367 | D:1      | Reached XP level 2. HP: 14/16 MP: 2/9
  1013 | D:1      | Reached skill level 5 in Spellcasting
  1295 | D:2      | Identified the +3 spear of the Median {venom, rN+}
  1307 | D:2      | Reached XP level 3. HP: 20/20 MP: 6/11
  1311 | D:2      | Learned a level 3 spell: Mephitic Cloud
  1314 | D:2      | Learned a level 2 spell: Call Imp
  1317 | D:2      | Learned a level 2 spell: Blink
  1573 | D:2      | Reached skill level 1 in Fighting
  1573 | D:2      | Reached skill level 1 in Armour
  2308 | D:3      | Reached XP level 4. HP: 18/25 MP: 10/13
  2380 | D:3      | Noticed Robin
  2398 | D:3      | Killed Robin
  2495 | D:3      | Found a snail-covered altar of Cheibriados.
  2631 | D:3      | Identified the +8 sling "Siorph" {elec, Fragile rElec rN++
                  | rCorr}
  3271 | D:4      | Found a broken altar of Ashenzari.
  3273 | D:4      | Found an opulent altar of Gozag.
  3278 | D:4      | Reached skill level 6 in Spellcasting
  3278 | D:4      | Reached XP level 5. HP: 29/29 MP: 10/15
  3373 | D:4      | Found a burning altar of Makhleb.
  3516 | D:4      | Reached skill level 1 in Air Magic
  3516 | D:4      | Reached skill level 1 in Poison Magic
  3616 | D:4      | Reached XP level 6. HP: 34/34 MP: 14/17
  3811 | D:4      | Reached skill level 7 in Spellcasting
  4051 | D:4      | Found a blossoming altar of Fedhas.
  4205 | D:5      | Entered Level 5 of the Dungeon
  4336 | D:5      | Reached XP level 7. HP: 35/39 MP: 17/20
  4338 | D:5      | You fall into a shaft and drop 3 floors!
  4341 | D:8      | Found a glowing golden altar of the Shining One.
  4341 | D:8      | Found a glowing silver altar of Zin.
  4343 | D:8      | Found a white marble altar of Elyvilon.
  4416 | D:8      | Noticed a yak
  4419 | D:8      | Noticed a yak
  4420 | D:8      | Noticed a yak
  4430 | D:8      | Killed a yak
  4431 | D:8      | Reached skill level 8 in Spellcasting
  4441 | D:8      | Killed a yak
  4447 | D:8      | Killed a yak
  4562 | D:7      | Reached skill level 9 in Spellcasting
  4562 | D:7      | Reached XP level 8. HP: 23/44 MP: 16/23
  4715 | D:6      | Found a glowing drain.
  4735 | Sewer    | Entered a sewer
  4870 | Sewer    | Reached skill level 5 in Conjurations
  5178 | D:5      | Reached skill level 10 in Spellcasting
  5269 | D:5      | Found a runed translucent gate.
  5269 | D:5      | Found a runed translucent gate.
  5269 | D:5      | Found a runed translucent gate.
  5273 | D:5      | Noticed gelatine's ghost (novice DsFE)
  5658 | D:5      | Reached XP level 9. HP: 49/49 MP: 21/25
  5718 | D:5      | Reached skill level 11 in Spellcasting
  6235 | D:5      | Found a staircase to the Ecumenical Temple.
  6244 | Temple   | Entered the Ecumenical Temple
  6294 | Temple   | Became a worshipper of Vehumet
  6455 | D:6      | Identified the +2 halberd "Alidul" {flame, *Corrode rElec
                  | Int+4 Dex+3}
  6527 | D:6      | Found a basalt altar of Yredelemnul.
  6735 | D:6      | Reached skill level 5 in Air Magic
  6765 | D:6      | Found a shimmering altar of Xom.
  6766 | D:6      | Found a hazy altar of Hepliaklqana.
  6767 | D:6      | Noticed a spectral ugly thing
  7179 | D:7      | Reached skill level 1 in Evocations
  7778 | D:7      | Found an ornate altar of the Wu Jian Council.
  7884 | D:8      | Reached skill level 12 in Spellcasting
  8170 | D:8      | Reached * piety under Vehumet
  8170 | D:8      | Offered knowledge of Kiss of Death by Vehumet.
  8880 | D:8      | Reached XP level 10. HP: 39/56 MP: 17/28
  8967 | D:8      | Found a staircase to the Lair.
  9345 | D:9      | Reached skill level 13 in Spellcasting
  9405 | D:9      | Noticed a two-headed ogre
  9457 | D:9      | Killed a two-headed ogre
  9602 | D:9      | Reached ** piety under Vehumet
  9603 | D:9      | Offered knowledge of Static Discharge by Vehumet.
  9617 | D:9      | Noticed a two-headed ogre
  9645 | D:9      | Killed a two-headed ogre
  9646 | D:9      | Reached skill level 14 in Spellcasting
  9798 | D:9      | Noticed a green ugly thing
  9822 | D:9      | Reached skill level 1 in Shields
  9823 | D:9      | Noticed a two-headed ogre
  9842 | D:9      | Killed a green ugly thing
  9878 | D:9      | Reached XP level 11. HP: 61/61 MP: 29/31
  9981 | D:9      | Noticed Erica
 10038 | D:9      | Killed Erica
 10094 | D:9      | Identified the +0 leather armour of the Gloaming {rC+ Int+3
                  | Stlth+}
 10527 | D:9      | Killed a two-headed ogre
 10528 | D:9      | Reached skill level 15 in Spellcasting
 10595 | D:9      | Noticed a two-headed ogre
 10612 | D:9      | Killed a two-headed ogre
 10612 | D:9      | Offered knowledge of Dazzling Flash by Vehumet.
 10762 | D:9      | Got Dispater's Compendium of the Called Volcano
 10970 | D:10     | Entered Level 10 of the Dungeon
 11042 | D:10     | Learned a level 3 spell: Dazzling Flash
 11083 | D:10     | Found an ancient bone altar of Kikubaaqudgha.
 11198 | D:10     | Learned a level 3 spell: Hailstorm
 11199 | D:10     | Reached *** piety under Vehumet
 11302 | D:10     | Found a hide-covered altar of Uskayaw.
 11437 | D:10     | Found a shadowy altar of Dithmenos.
 11602 | D:10     | Reached skill level 1 in Ice Magic
 11609 | D:10     | Offered knowledge of Sticky Flame by Vehumet.
 12002 | D:11     | Noticed Nergalle
 12094 | D:11     | Noticed a purple ugly thing
 12278 | D:11     | Reached skill level 16 in Spellcasting
 12393 | D:11     | Noticed an orc knight
 12395 | D:11     | Noticed a centaur warrior
 12403 | D:11     | Killed a centaur warrior
 12414 | D:11     | Killed an orc knight
 12417 | D:11     | Noticed a boulder beetle
 12428 | D:11     | Learned a level 4 spell: Sticky Flame
 12452 | D:11     | Killed a boulder beetle
 12453 | D:11     | Reached XP level 12. HP: 32/66 MP: 17/34
 12543 | D:11     | Reached skill level 1 in Hexes
 12745 | D:11     | Reached skill level 1 in Fire Magic
 13460 | D:12     | Reached skill level 1 in Necromancy
 13749 | D:12     | Reached **** piety under Vehumet
 13802 | D:12     | Offered knowledge of Iskenderun's Mystic Blast by Vehumet.
 13809 | D:12     | Learned a level 4 spell: Iskenderun's Mystic Blast
 14096 | D:12     | Reached skill level 10 in Conjurations
 14097 | D:12     | Noticed an ogre mage
 14107 | D:12     | Reached skill level 17 in Spellcasting
 14128 | D:12     | Killed an ogre mage
 14274 | D:12     | Got the Directory of the Enchanted Serac
 14301 | D:12     | Found a shimmering blue altar of Sif Muna.
 14668 | D:12     | Found a staircase to the Orcish Mines.
 14680 | D:12     | Reached skill level 5 in Shields
 14870 | D:12     | Got Vehumet's Compilation of Assaults
 14901 | D:12     | Noticed a tengu reaver
 14911 | D:12     | Learned a level 6 spell: Leda's Unmaking
 14920 | D:12     | Noticed a deep elf sorcerer
 14927 | D:12     | Killed a tengu reaver
 14927 | D:12     | Killed a deep elf sorcerer
 14928 | D:12     | Reached skill level 1 in Earth Magic
 15086 | D:12     | Got the Treatise on Anthracomancy
 15088 | D:12     | Got Esuczewa's Incunabulum of Fulgurant Arcane Weapons
 15097 | D:12     | Learned a level 7 spell: Orb of Destruction
 15103 | D:12     | Learned a level 5 spell: Fireball
 15109 | D:12     | Learned a level 5 spell: Iskenderun's Battlesphere
 15143 | D:12     | Reached skill level 18 in Spellcasting
 15365 | D:12     | Identified the +4 war axe of Wu Jian's Esteem {holy, Int+3}
 15754 | D:13     | Noticed a centaur warrior
 15759 | D:13     | Killed a centaur warrior
 15898 | D:13     | Found an ancient bone altar of Kikubaaqudgha.
 15898 | D:13     | Noticed a catoblepas
 15906 | D:13     | Killed a catoblepas
 15907 | D:13     | Reached XP level 13. HP: 70/70 MP: 24/37
 16124 | D:13     | Reached skill level 5 in Fire Magic
 16866 | D:13     | Reached ***** piety under Vehumet
 17024 | D:13     | Reached skill level 5 in Armour
 17037 | D:13     | Offered knowledge of Eringya's Noxious Bog by Vehumet.
 17408 | D:13     | Found a gate to the Vaults.
 17956 | D:14     | Reached skill level 19 in Spellcasting
 18238 | D:13     | Slain by a guardian serpent (shapeshifter)

Illustrated notes

Levels and vault maps discovered:
D:1:      dpeg_arrival_simpleton_a, layout_basic
D:2:      layout_rooms, serial_forest, infiniplex_forest_3_way,
          infiniplex_forest_pool, infiniplex_forest_3_way,
          infiniplex_forest_end_1, infiniplex_forest_clump_diagonal,
          infiniplex_forest_end_double, infiniplex_forest_lined_room_2,
          kennysheep_boxes
D:3:      layout_loops_ring, kennysheep_slug_shrine, uniq_robin
D:4:      layout_basic, mainiacjoe_overflow_alcove_3
D:5:      layout_layer_cave, lemuel_temple_firewalk_b, ebering_ghost_rock_garden
D:6:      layout_cave_pools, yredelemnul_altar_generic,
          regret_index_temple_of_mockery, gup_sewer_entry_pipe
D:7:      layout_basic, nzn_wu_jian_contemplation
D:8:      layout_basic, dreamdust_divine_triumvirate, erik_lair_orcish_takeover,
          nzn_life_drinkers
D:9:      cheibrodos_ideogram_h, layout_small_grid, uniq_erica
D:10:     layout_rooms, mainiacjoe_overflow_tiny_flanked,
          nicolae_uskayaw_murder_on_the_dancefloor, mainiacjoe_overflow_paths
D:11:     layout_small_grid, minmay_checkerbox, uniq_nergalle
D:12:     evilmike_library_of_no_secrets, layout_basic, erik_orc_1
D:13:     layout_loops_corners, lightli_vaults_fourway_checkpoint,
          palyth_stone_intersect, kiku_gazebo_pond_becter
D:14:     layout_loops_cross, nicolae_two_hexagons
Temple:   nicolae_temple_great_sept

Skill      XL: |  1  2  3  4  5  6  7  8  9 10 11 12 13 |
---------------+----------------------------------------+-----
Spellcasting   | 5 6 7 9 10 12 14 16 18 19 | 19.0
Fighting       | 1 2 3 4 |  4.4
Armour         | 1 3 4 5 |  5.0
Conjurations   | 2 3 4 5 7 8 9 10 11 | 11.4
Stealth        | 3 |  3.1
Dodging        | 3 |  3.0
Air Magic      | 1 2 3 4 5 7 8 |  8.3
Poison Magic   | 1 |  1.1
Evocations     | 1 |  1.0
Shields        | 1 3 5 |  5.0
Ice Magic      | 1 |  1.0
Hexes          | 1 |  1.1
Fire Magic     | 4 6 |  6.0
Necromancy     | 1 |  1.0
Earth Magic    | 2 4 |  4.1
Summonings     | |  1.1
Translocations | |  1.1

Action                     |  1- 3 |  4- 6 |  7- 9 | 10-12 | 13-15 || total
---------------------------+-------+-------+-------+-------+-------++-------
  Melee: Dagger            |     4 |       |       |       |       ||     4
         Spear             |    21 |    46 |   203 |   404 |     1 ||   675
         Punch             |       |       |     7 |     6 |       ||    13
   Cast: Magic Dart        |    96 |    52 |   196 |   223 |     1 ||   568
         Mephitic Cloud    |     2 |     7 |    35 |    90 |     5 ||   139
         Call Imp          |       |     2 |    27 |    30 |     1 ||    60
         Blink             |       |       |     3 |    15 |     3 ||    21
         Hailstorm         |       |       |       |    41 |       ||    41
         Dazzling Flash    |       |       |       |     8 |       ||     8
         Sticky Flame      |       |       |       |    13 |       ||    13
         Fireball          |       |       |       |    15 |    58 ||    73
         Iskenderun's Myst |       |       |       |    13 |       ||    13
         Orb of Destructio |       |       |       |       |    12 ||    12
         Leda's Unmaking   |       |       |       |       |     3 ||     3
         Iskenderun's Batt |       |       |       |       |     1 ||     1
  Evoke: Wand              |       |       |       |    12 |     1 ||    13
    Use: Scroll            |       |       |       |    10 |     2 ||    12
   Stab: Confused          |     1 |     4 |    29 |    47 |       ||    81
         Sleeping          |     1 |       |     2 |       |       ||     3
         Invisible         |       |       |       |     6 |       ||     6
         Distracted        |       |       |       |     2 |       ||     2
 Armour: Robe              |     5 |       |       |       |       ||     5
         Troll leather arm |       |     8 |    58 |    25 |       ||    91
         Acid dragon scale |       |       |       |   114 |     3 ||   117
  Dodge: Dodged            |    19 |    10 |   109 |   214 |     8 ||   360

Table legend: (Time is in decaauts)
 A = Elapsed time spent in this place.
 B = Non-inter-level travel time spent in this place.
 C = Inter-level travel time spent in this place.
 D = Time resting spent in this place.
 E = Time spent auto-exploring this place.
 F = Levels seen in this place.
 G = Mean time per level.
                   A        B        C        D        E       F      G
               +--------+--------+--------+--------+--------+-----+--------+
         Total |  18408 |  17580 |    828 |   1192 |  12386 |  16 | 1150.5 |
       Dungeon |  18064 |  17248 |    816 |   1192 |  12157 |  14 | 1290.3 |
        Temple |     96 |     84 |     12 |      0 |     37 |   1 |   96.0 |
         Sewer |    247 |    247 |      0 |      0 |    192 |   1 |  247.0 |
               +--------+--------+--------+--------+--------+-----+--------+

Top non-repeatable levels by time:
    D:13: 2248 daAuts
    D:12: 2182 daAuts
     D:9: 1816 daAuts
    D:11: 1732 daAuts
     D:8: 1547 daAuts
     D:5: 1496 daAuts
     D:1: 1242 daAuts
     D:7: 1190 daAuts
     D:4: 1028 daAuts
     D:2: 1007 daAuts
     D:3: 933 daAuts
    D:10: 789 daAuts
     D:6: 691 daAuts
   Sewer: 247 daAuts
    D:14: 158 daAuts
